 Dungeon Crawl Stone Soup version 0.26-a0-835-g8259106e14 (webtiles) character file.

Game seed: 17067574719527013634

256 sahdkjhfkaj the Shield-Bearer (level 6, -10/47 HPs)
             Began as a Human Fighter on Nov 18, 2020.
             Was a Believer of Zin.
             Mangled by an ice beast (11 damage)
             ... on level 4 of the Dungeon.
             The game lasted 00:03:14 (4044 turns).

sahdkjhfkaj the Shield-Bearer (Human Fighter)       Turns: 4044, Time: 00:03:14

Health: -10/47     AC:  8    Str: 19    XL:     6   Next: 39%
Magic:  8/8        EV:  6    Int:  8    God:    Zin [**....]
Gold:   236        SH: 14    Dex: 12    Spells: 5/5 levels left

rFire    . . .     SeeInvis .   b - +0 hand axe (freeze)
rCold    . . .     Faith    .   w - +0 tower shield
rNeg     . . .     Spirit   .   u - +0 scale mail
rPois    .         Reflect  .   t - +0 helmet
rElec    .         Harm     .   (no cloak)
rCorr    .         Rampage  .   (no gloves)
MR       .....                  (no boots)
Stlth    ..........             v - amulet of the acrobat
HPRegen  0.15/turn              m - ring of wizardry
MPRegen  0.11/turn              (no ring)

@: no status effects
A: no striking features
a: Recite, Vitalisation, Donate Gold, Renounce Religion


You were on level 4 of the Dungeon.
You worshipped Zin.
Zin was pleased with you.
You visited 1 branch of the dungeon, and saw 4 of its levels.

You collected 262 gold pieces.
You donated 26 gold pieces to Zin.

Inventory:

Hand Weapons
 a - a +0 war axe
 b - a +0 hand axe of freezing (weapon)
Armour
 t - a +0 helmet (worn)
 u - a +0 scale mail (worn)
 w - a +0 tower shield (worn)
Jewellery
 m - a ring of wizardry (left hand)
 v - an amulet of the acrobat (around neck)
Scrolls
 c - a scroll of fog {!r, unknown}
 i - a scroll of fear {!r}
 l - a scroll of identify {!r, unknown}
 n - a scroll of blinking {!r, unknown}
 o - a scroll of remove curse {!r, unknown}
 p - 5 scrolls of magic mapping {!r}
 q - a scroll of enchant weapon {!r, unknown}
 r - a scroll of teleportation {!r, unknown}
 s - a scroll of immolation {!r, unknown}
Potions
 d - 2 potions of might {!q}
 e - a potion of curing {!q, unknown}
 f - a potion of lignification {!q, unknown}
 g - a potion of flight {!q}
 h - a potion of brilliance {!q, unknown}
 j - 2 potions of haste {!q, unknown}
 k - a potion of berserk rage {!q, unknown}
 x - a potion of attraction {!q, unknown}


   Skills:
 - Level 3.4 Fighting
 - Level 3.1 Axes
 - Level 3.4 Armour
 - Level 1.4 Dodging
 - Level 3.8 Shields
 + Level 3.8 Invocations


You had 5 spell levels left.
You didn't know any spells.
Your spell library was empty.

Dungeon Overview and Level Annotations

Branches:
Dungeon (4/15)
 Temple: D:4-7

Altars:
Fedhas
Zin
The Shining One


Message History

The ice beast hits you.
* * * LOW HITPOINT WARNING * * *
The ice beast freezes you!
* * * LOW HITPOINT WARNING * * *
You hit the ice beast.
The ice beast is severely wounded.
You block the ice beast's attack.
Unknown command.
You barely miss the ice beast.
The ice beast is severely wounded.
The ice beast hits you.
* * * LOW HITPOINT WARNING * * *
The ice beast freezes you!
* * * LOW HITPOINT WARNING * * *
You barely miss the ice beast.
The ice beast is heavily wounded.
The ice beast hits you. Zin protects you from harm! The ice beast freezes you!
You die...

###.#########.#
..............#
##.###.#####.# #
#.<.......##########
#.##[...#..>..........
#.......#.#.#.###.####
####....#.....#...#
#....#.....#.#####.
##@###.............
#.Y.###############
#..... #.!.### #...#
#####


You could see an ice beast.

Vanquished Creatures
  A water moccasin (D:4)
  Natasha (D:4)
  4 gnolls (D:2)
  2 adders
  An ooze (D:2)
  An adder skeleton (D:4)
  2 worms (D:2)
  A dart slug (D:1)
  A leopard gecko (D:1)
  4 orcs
  2 giant cockroaches
  8 goblins
  3 hobgoblins
  5 jackals
  A quokka (D:4)
  5 bats
  5 frilled lizards
  4 kobolds
  3 rats
54 creatures vanquished.

Notes
Turn   | Place    | Note
-------+----------+-------------------------------------------
     0 | D:1      | sahdkjhfkaj the Human Fighter began the quest for the Orb.
     0 | D:1      | Reached XP level 1. HP: 18/18 MP: 1/1
   110 | D:1      | Reached XP level 2. HP: 23/24 MP: 2/2
   381 | D:1      | Reached XP level 3. HP: 29/29 MP: 3/3
  1440 | D:2      | Reached skill level 1 in Dodging
  1478 | D:2      | Reached XP level 4. HP: 24/35 MP: 4/4
  2006 | D:2      | Found a blossoming altar of Fedhas.
  2256 | D:3      | Reached XP level 5. HP: 32/41 MP: 5/5
  3224 | D:3      | Found a glowing golden altar of the Shining One.
  3224 | D:3      | Found a glowing silver altar of Zin.
  3367 | D:3      | Became a worshipper of Zin the Law-Giver
  3367 | D:3      | Reached * piety under Zin
  3508 | D:4      | Noticed Natasha
  3516 | D:4      | Killed Natasha
  3517 | D:4      | Reached skill level 1 in Invocations
  3722 | D:4      | Noticed a water moccasin
  3736 | D:4      | Killed a water moccasin
  3737 | D:4      | Reached XP level 6. HP: 33/47 MP: 6/8
  3980 | D:4      | Reached ** piety under Zin
  4020 | D:4      | Noticed an ice beast
  4043 | D:4      | HP: 1/47 [ice beast (7)]
  4044 | D:4      | Zin protects you from harm!
  4044 | D:4      | Mangled by an ice beast

Illustrated notes

Levels and vault maps discovered:
D:1:      eino_arrival_cavern_e, layout_loops_ring
D:2:      layout_basic, fedhas_altar_fruit_tree
D:3:      layout_basic, gammafunk_temple_overflow_wave
D:4:      layout_basic, hex_medium, uniq_natasha

Skill      XL: |  1  2  3  4  5 |
---------------+----------------+-----
Dodging        | 1 |  1.4
Axes           | 3 |  3.1
Invocations    | 3 |  3.8
Fighting       | |  3.4
Armour         | |  3.4
Shields        | |  3.8

Action                   |  1- 3 |  4- 6 || total
-------------------------+-------+-------++-------
Melee: War axe           |    89 |    43 ||   132
       Hand axe          |       |    76 ||    76
  Use: Potion            |     1 |       ||     1
       Scroll            |       |     3 ||     3
Armor: Scale mail        |    35 |    53 ||    88
Dodge: Dodged            |    19 |    37 ||    56
Block: Kite shield       |    40 |    52 ||    92
       Tower shield      |       |    27 ||    27

Table legend: (Time is in decaauts)
 A = Elapsed time spent in this place.
 B = Non-inter-level travel time spent in this place.
 C = Inter-level travel time spent in this place.
 D = Time resting spent in this place.
 E = Time spent auto-exploring this place.
 F = Levels seen in this place.
 G = Mean time per level.
                   A        B        C        D        E       F      G
               +--------+--------+--------+--------+--------+-----+--------+
         Total |   4120 |   3833 |    287 |      0 |   3336 |   4 | 1030.0 |
       Dungeon |   4120 |   3833 |    287 |      0 |   3336 |   4 | 1030.0 |
               +--------+--------+--------+--------+--------+-----+--------+

Top non-repeatable levels by time:
     D:2: 1569 daAuts
     D:3: 1238 daAuts
     D:4: 665 daAuts
     D:1: 647 daAuts
